 Dungeon Sprint DCSS version 0.19.1 (webtiles) character file.

843 Kagutsuchi the Fighter (level 7, 0/73 HPs)
             Began as a Yellow Draconian Berserker on Dec 27, 2016.
             Was a Believer of Trog.
             Slain by a deep troll (5 damage)
             ... in the Dungeon (Sprint I: "Red Sonja").
             The game lasted 00:03:14 (504 turns).

Kagutsuchi the Fighter (Yellow Draconian Berserker)  Turns: 504, Time: 00:03:14

Health: 0/73       AC:  6    Str: 20    XL:     7   Next: 68%
Magic:  7/7        EV: 17    Int:  7    God:    Trog [**....]
Gold:   324        SH:  0    Dex: 12    Spells: 0 memorised, 6 levels left

rFire  . . .     SeeInvis .     a - +0 falchion
rCold  . . .     Gourm    .     (armour unavailable)
rNeg   . . .     Faith    .     (no shield)
rPois  .         Spirit   .     (helmet restricted)
rElec  .         Reflect  .     (no cloak)
rCorr  +         Harm     .     (no gloves)
MR     ++...     NoTele   +     (no boots)
Stlth  ++........               (no amulet)
                                (no ring)
                                (no ring)

@: lethally poisoned (0 -> 0), exhausted, regenerating, slowed, very slow
A: spit acid, acid resistance, unfitting armour, cold-blooded, AC +6
a: Spit Acid, Berserk, Trog's Hand, Burn Spellbooks, Renounce Religion


You were in the Dungeon.
You worshipped Trog.
Trog was pleased with you.
You were not hungry.

You visited 1 branch You collected 324 gold pieces.

Inventory:

Hand Weapons
 a - a +0 falchion (weapon)
Scrolls
 h - a scroll of blinking
Potions
 e - a potion of haste
 f - 2 potions of magic
 g - a potion of berserk rage
 i - a potion of flight {unknown}


   Skills:
 + Level 10.8 Fighting
 + Level 10.5 Long Blades
 + Level 9.2 Dodging
 + Level 2.0 Stealth


You had 6 spell levels left.
You didn't know any spells.

Dungeon Overview and Level Annotations

Branches:
Dungeon (1/1)

Altars:
Sif Muna
Vehumet


Innate Abilities, Weirdness & Mutations

You can spit globs of acid.
You are resistant to acid.
Your golden yellow scales are hard. (AC +6)
You cannot fit into any form of body armour.
You are cold-blooded and may be slowed by cold attacks.


Message History

The deep troll is lightly wounded.
The deep troll claws you. The deep troll claws you!
The deep troll closely misses you. The deep troll barely misses you.
The deep troll claws you!
* * * LOW HITPOINT WARNING * * *
You see here 27 gold pieces.
Your skin crawls.
You feel resistant to hostile enchantments.
You feel somewhat more hungry.
You feel sick. The deep troll misses you. The deep troll closely misses you.
The deep troll barely misses you.
You're too exhausted to go berserk.
You hit the deep troll.
The deep troll is lightly wounded.
The deep troll bites you!
* * * LOW HITPOINT WARNING * * *
The deep troll misses you. The deep troll barely misses you.
The deep troll bites you.
* * * LOW HITPOINT WARNING * * *
The deep troll claws you.
You die...

#..#####'#####'#
#..# #..#...#/#
#..# ####..##$#
#..# ##'#..+
#⌠⌠# +..._# ####
#_.#+# ##)#
##(####+###
+$(.'@T.$$+
#$.$#######
##(## #+#


You could see a deep troll.

Vanquished Creatures
  Sonja (D)
  Sigmund (D)
  An ogre (D)
  A jelly (D)
  Ijyb (D)
5 creatures vanquished.

Notes
Turn   | Place    | Note
-------+----------+-------------------------------------------
     0 | D        | Kagutsuchi the Draconian Berserker began the quest for the Orb.
     0 | D        | Reached XP level 1. HP: 19/19 MP: 1/1
     2 | D        | Noticed Ijyb
     7 | D        | Killed Ijyb
     7 | D        | Reached skill level 5 in Fighting
     7 | D        | Reached XP level 2. HP: 29/29 MP: 2/2
   149 | D        | Noticed an ogre
   154 | D        | Killed an ogre
   154 | D        | Reached skill level 5 in Dodging
   154 | D        | Reached XP level 3. HP: 34/38 MP: 3/3
   154 | D        | Reached XP level 4. HP: 40/45 MP: 4/4
   264 | D        | Noticed Sigmund
   273 | D        | Killed Sigmund
   273 | D        | Reached ** piety under Trog
   273 | D        | Reached XP level 5. HP: 29/53 MP: 5/5
   424 | D        | Found a deep blue altar of Sif Muna.
   426 | D        | Found a radiant altar of Vehumet.
   435 | D        | Reached skill level 1 in Stealth
   435 | D        | Reached XP level 6. HP: 49/62 MP: 6/6
   483 | D        | Noticed Sonja
   492 | D        | Killed Sonja
   492 | D        | Reached *** piety under Trog
   492 | D        | Reached skill level 10 in Fighting
   492 | D        | Reached skill level 10 in Long Blades
   492 | D        | Your scales start taking on a golden yellow colour.
   492 | D        | Reached XP level 7. HP: 50/73 MP: 7/7
   500 | D        | Noticed a deep troll
   504 | D        | Slain by a deep troll

Skill      XL: |  1  2  3  4  5  6 |
---------------+-------------------+-----
Fighting       | 5 6 8 10 | 10.8
Long Blades    | 4 6 7 8 10 | 10.5
Dodging        | 3 5 7 9 |  9.2
Stealth        | 1 2 |  2.0

Action                   |  1- 3 |  4- 6 |  7- 9 || total
-------------------------+-------+-------+-------++-------
Melee: Falchion          |     6 |    15 |     1 ||    22
       Tailslap          |       |     2 |       ||     2
Invok: Berserk           |     2 |     1 |       ||     3
       Trog's Hand       |       |       |     1 ||     1
  Use: Potion            |       |     1 |     1 ||     2
  Eat: Bread ration      |       |     1 |       ||     1
Armor: Skin              |       |     8 |       ||     8
Dodge: Dodged            |     3 |    14 |     8 ||    25
       Rpst.: Falchion   |       |     2 |     1 ||     3
